 Dungeon Crawl Stone Soup version 0.29-a0-210-g9445043ebc (webtiles) character file.

Game seed: 4680942864137726543

4197 Aksej the Archer (level 10, -1/51 HPs)
             Began as a Spriggan Hunter on Feb 23, 2022.
             Was an Initiate of Hepliaklqana.
             Slain by a boulder beetle (52 damage)
             ... on level 8 of the Dungeon on Feb 24, 2022.
             The game lasted 00:26:39 (7292 turns).

Aksej the Archer (Spriggan Hunter)                  Turns: 7292, Time: 00:26:40

Health: -1/51      AC: 15    Str: 10    XL:     10   Next: 8%
Magic:  11/11      EV: 20    Int: 18    God:    Hepliaklqana [......]
Gold:   358        SH:  0    Dex: 19    Spells: 9/9 levels left

rFire   . . .      SeeInvis +   a - +3 shortbow "Maddu" {speed, Fly Str+2 SInv}
rCold   . . .      Faith    .   (shield currently unavailable)
rNeg    . . .      Spirit   .   g - quicksilver dragon scales of the Planets {rElec Will+}
rPois   .          Reflect  .   (helmet restricted)
rElec   +          Harm     .   (no cloak)
rCorr   .          Rampage  .   (gloves unavailable)
Will    ++...                   (boots unavailable)
Stlth   ++++......              (no amulet)
HPRegen 0.17/turn               c - +6 ring of intelligence
MPRegen 0.12/turn               (no ring)

@: flying, very quick
A: very small, no large weapons, unfitting armour, see invisible, speed 3,
iridescent scales 3, clumsy 1, inability to read while threatened
a: Renounce Religion


You were on level 8 of the Dungeon.
You worshipped Hepliaklqana.
Hepliaklqana was noncommittal.
You visited 2 branches of the dungeon, and saw 9 of its levels.
You also visited: Ossuary.

You collected 501 gold pieces.
You spent 143 gold pieces at shops.

Inventory:

Hand Weapons
 a - the +3 shortbow "Maddu" (weapon) {speed, Fly Str+2 SInv}
   (You acquired it on level 1 of the Dungeon)

   Attacks with this weapon are significantly faster.
   Str:       It affects your strength (+2).
   SInv:      It lets you see invisible.
   Fly:       It grants you flight.
Armour
 g - the quicksilver dragon scales of the Planets (worn) {rElec Will+}
   (You acquired it on level 2 of the Dungeon)

   rElec:     It insulates you from electricity.
   Will:      It increases your willpower.
Jewellery
 b - an amulet of magic regeneration
 c - a +6 ring of intelligence (left hand)
 t - a ring of positive energy
Wands
 q - a wand of mindburst (6)
 s - a wand of iceblast (8)
Scrolls
 i - 4 scrolls of enchant armour
 l - 3 scrolls of fear
 m - 2 scrolls of teleportation
 o - a scroll of summoning
 p - a scroll of enchant weapon
Potions
 d - a potion of haste
 e - 3 potions of heal wounds
 f - a potion of magic
 h - 5 potions of curing
 j - a potion of cancellation
 k - 2 potions of invisibility
 n - 2 potions of brilliance
 r - a potion of ambrosia {unknown}


   Skills:
 + Level 4.5 Fighting
 + Level 13.2 Bows
 + Level 1.7 Armour
 * Level 8.2 Dodging
 * Level 9.3 Stealth
 + Level 0.8 Evocations


You had 9 spell levels left.
You didn't know any spells.
Your spell library contained the following spells:

 Spells                   Type           Power      Damage    Failure   Level
 Beastly Appendage        Tmut           0%         N/A       50%         1
 Shock                    Conj/Air       0%         1d3       50%         1
 Static Discharge         Conj/Air       0%         N/A       63%         2
 Sublimation of Blood     Necr           0%         N/A       63%         2
 Wereblood                Tmut           0%         N/A       63%         2
 Gell's Gravitas          Tloc           0%         N/A       86%         3
 Swiftness                Air            0%         N/A       86%         3
 Teleport Other           Tloc           0%         N/A       86%         3
 Airstrike                Air            0%         N/A       99%         4
 Dispel Undead            Necr           0%         3d6       99%         4
 Sticky Flame             Conj/Fire      0%         2d3       99%         4
 Dispersal                Tloc           0%         N/A       100%        6
 Orb of Destruction       Conj           0%         9d5       100%        7
 Summon Hydra             Summ           0%         N/A       100%        7
 Lehudib's Crystal Spear  Conj/Erth      0%         10d2      100%        8


Dungeon Overview and Level Annotations

Branches:
Dungeon (8/15)             Temple (1/1) D:7         Ossuary (visited)
   Lair: D:8-11

Altars:
Ashenzari
Cheibriados
Dithmenos
Elyvilon
Fedhas
Gozag
Hepliaklqana
Kikubaaqudgha
Makhleb
Nemelex Xobeh
Qazlal
Ru
Sif Muna
Trog
Uskayaw
Vehumet
Wu Jian
Xom
Yredelemnul
Zin

Shops:
D:5 ([*


Innate Abilities, Weirdness & Mutations

You are very small and have problems with some larger weapons.
You are too small for most types of armour.
You have supernaturally acute eyesight. (SInv)
You cover ground extremely quickly. (Speed+++)
You are completely covered in iridescent scales. (AC +6)
You are clumsy. (Dex -2)
You sometimes lose the ability to read scrolls when taking damage.


Message History

Press: ? - help, Q - select action, (/) - cycle Shift-Dir - straight line, f/p - boulder beetle
Aim: a boulder beetle (lightly wounded, 92% to hit)
You shoot an arrow. The arrow hits the boulder beetle.
The boulder beetle is lightly wounded.
Shoot: a) +3 shortbow "Maddu" {speed, Fly Str+2 SInv}
Press: ? - help, Q - select action, (/) - cycle Shift-Dir - straight line, f/p - boulder beetle
Aim: a boulder beetle (lightly wounded, 92% to hit)
You shoot an arrow.
The arrow hits the boulder beetle but does no damage.
The boulder beetle is lightly wounded.
Shoot: a) +3 shortbow "Maddu" {speed, Fly Str+2 SInv}
Press: ? - help, Q - select action, (/) - cycle Shift-Dir - straight line, f/p - boulder beetle
Aim: a boulder beetle (lightly wounded, 92% to hit)
You shoot an arrow.
The arrow hits the boulder beetle but does no damage.
The boulder beetle is lightly wounded.
The boulder beetle curls into a ball and begins rolling!
Shoot: a) +3 shortbow "Maddu" {speed, Fly Str+2 SInv}
Press: ? - help, Q - select action, (/) - cycle Shift-Dir - straight line, f/p - boulder beetle
Aim: a boulder beetle (lightly wounded, rolling, 92% to hit)
You shoot an arrow.
The arrow barely misses the boulder beetle.
Aiming: Mindburst
Press: ? - help, Shift-Dir - straight line, f/p - boulder beetle
Aim: a boulder beetle (lightly wounded, rolling, chance to affect: 50%)
The boulder beetle's mind is blasted!
The boulder beetle closely misses you.
The boulder beetle stops rolling and uncurls.
Aiming: Iceblast
Press: ? - help, Shift-Dir - straight line, f/p - boulder beetle
Aim: a boulder beetle (moderately wounded)
The mass of ice explodes!
The iceblast engulfs the boulder beetle but does no damage.
The boulder beetle is moderately wounded.
You hear a shout!
The boulder beetle curls into a ball and begins rolling!
There is an open door here.
The boulder beetle hits you!!!
Ouch! That really hurt!
You die... #...# #..##.......○° #...# ##.##.######### #..)# #..# # #.####...######.## # #...............# e.EcHW

######...#####.## ##OB#x
#.........#...# #[ ##
#.#......##[.. #
#.#####@.#... # #.#
##B##..# ## #.# #.○#.Z.#
. #. #†# #°##..##... ##.
#.####°#........ #..
#.....°#........ #..
######.°################
#..°°°°°°..........
#######.#####...#.#


You could see a boulder beetle (rolling).

Vanquished Creatures
  A manticore (D:8)
  Grinder (D:5)
  Sigmund (D:3)
  A wraith (D:8)
  A wyvern (D:8)
  Menkaure (D:4)
  3 steam dragons
  Edmund (D:5)
  A water moccasin (D:7)
  A hornet zombie (D:8)
  A sky beast (D:7)
  An orc warrior (D:8)
  A black bear (D:6)
  A necrophage (D:7)
  An ice beast (D:5)
  2 centaurs (D:8)
  4 phantoms
  A kobold brigand (D:6)
  Blork the orc (D:5)
  2 bullfrogs
  A scorpion (D:5)
  10 wights
  2 killer bees (D:8)
  2 bullfrog zombies
  2 human zombies (Ossuary)
  2 centaur zombies
  2 hounds
  2 orc priests (D:7)
  2 centaur skeletons
  Jessica (D:2)
  An iguana (D:5)
  2 orc wizards (D:7)
  A killer bee zombie (D:7)
  2 mummies (Ossuary)
  3 adders
  2 shadow imps
  A white imp (D:8)
  An ufetubus (D:4)
  An adder zombie (Ossuary)
  A worm (D:2)
  3 dart slugs
  3 orcs (D:7)
  11 endoplasms
  A giant cockroach (D:1)
  8 goblins
  10 hobgoblins
  7 jackals
  8 quokkas
  7 ball pythons
  2 bats
  3 frilled lizards
  A goblin zombie (Ossuary)
  10 hobgoblin zombies (Ossuary)
  2 jackal zombies (Ossuary)
  11 kobolds
  11 kobold zombies (Ossuary)
  7 orc zombies (Ossuary)
  6 rats
  3 rat zombies
182 creatures vanquished.

Vanquished Creatures (others)
  A two-headed ogre (D:8)
  An acid dragon (D:8)
2 creatures vanquished.

Grand Total: 184 creatures vanquished

Notes
Turn   | Place    | Note
-------+----------+-------------------------------------------
     0 | D:1      | Aksej the Spriggan Hunter began the quest for the Orb.
     0 | D:1      | Reached XP level 1. HP: 10/10 MP: 2/2
    49 | D:1      | Reached skill level 5 in Bows
    66 | D:1      | Reached XP level 2. HP: 10/14 MP: 3/3
   244 | D:1      | Found a faded altar of an unknown god.
  1028 | D:1      | Reached XP level 3. HP: 18/18 MP: 4/4
  1356 | D:1      | Identified a scroll of acquirement
  1356 | D:1      | Acquired the +3 shortbow "Maddu" {speed, Fly Str+2 SInv}
  1419 | D:2      | Noticed Jessica
  1428 | D:2      | Killed Jessica
  1429 | D:2      | Reached skill level 6 in Bows
  1566 | D:2      | Reached XP level 4. HP: 23/23 MP: 5/5
  1746 | D:2      | Acquired the quicksilver dragon scales of the Planets
                  | {rElec Will+}
  1995 | D:3      | Got Sif Muna's Compendium of Battle Magic and
                  | Transmigration
  2183 | D:3      | Noticed Sigmund
  2194 | D:3      | Killed Sigmund
  2195 | D:3      | Reached skill level 7 in Bows
  2195 | D:3      | Reached XP level 5. HP: 26/26 MP: 6/6
  2195 | D:3      | Reached XP level 6. HP: 30/30 MP: 7/7
  2699 | D:3      | Gained mutation: You have a pair of small horns on your
                  | head. [potion of mutation]
  2699 | D:3      | Gained mutation: You expend magic power (3 MP) to
                  | strengthen your wands. [potion of mutation]
  2700 | D:3      | Lost mutation: You expend magic power (3 MP) to strengthen
                  | your wands. [potion of mutation]
  2700 | D:3      | Lost mutation: You have a pair of small horns on your head.
                  | [potion of mutation]
  2700 | D:3      | Gained mutation: You sometimes lose the ability to read
                  | scrolls when taking damage. [potion of mutation]
  2700 | D:3      | Gained mutation: You passively map a small area around you.
                  | [potion of mutation]
  2700 | D:3      | Gained mutation: You are clumsy. (Dex -2) [potion of
                  | mutation]
  2700 | D:3      | Gained mutation: You expend magic power (3 MP) to
                  | strengthen your wands. [potion of mutation]
  2701 | D:3      | Lost mutation: You expend magic power (3 MP) to strengthen
                  | your wands. [potion of mutation]
  2701 | D:3      | Lost mutation: You passively map a small area around you.
                  | [potion of mutation]
  2701 | D:3      | Gained mutation: You are partially covered in iridescent
                  | scales. (AC +2) [potion of mutation]
  2701 | D:3      | Gained mutation: You have hidden genetic potential. [potion
                  | of mutation]
  2916 | D:4      | Found a sand-covered staircase.
  2926 | Ossuary  | Entered an ossuary
  3334 | D:4      | Noticed Menkaure
  3344 | D:4      | Killed Menkaure
  3345 | D:4      | Reached skill level 8 in Bows
  3345 | D:4      | Reached skill level 5 in Dodging
  3345 | D:4      | Reached skill level 5 in Stealth
  3345 | D:4      | Reached XP level 7. HP: 35/35 MP: 8/8
  3348 | D:4      | Gained mutation: You are mostly covered in iridescent
                  | scales. (AC +4) [hidden potential]
  3652 | D:5      | Entered Level 5 of the Dungeon
  3662 | D:5      | Noticed Grinder
  3667 | D:5      | Paralysed by Grinder for 4 turns
  3674 | D:5      | Killed Grinder
  3843 | D:5      | Reached skill level 9 in Bows
  3850 | D:5      | Found Keexzaa's Weapon Shop.
  3875 | D:5      | Reached XP level 8. HP: 37/39 MP: 9/9
  3970 | D:5      | Found Kozxonet's General Store.
  3978 | D:5      | Bought a scroll of identify for 26 gold pieces
  3978 | D:5      | Bought a potion of curing for 39 gold pieces
  3978 | D:5      | Bought 2 potions of curing for 78 gold pieces
  4036 | D:5      | Gained mutation: You are completely covered in iridescent
                  | scales. (AC +6) [hidden potential]
  4036 | D:5      | Lost mutation: You have hidden genetic potential. [hidden
                  | potential expressed]
  4052 | D:5      | Found a white marble altar of Elyvilon.
  4052 | D:5      | Found an opulent altar of Gozag.
  4095 | D:5      | Reached skill level 10 in Bows
  4117 | D:5      | Found a blossoming altar of Fedhas.
  4199 | D:5      | Noticed Edmund
  4224 | D:5      | Killed Edmund
  4333 | D:5      | Noticed Blork the orc
  4342 | D:5      | Killed Blork the orc
  4655 | D:5      | Found Ymopn's Antique Armour Shoppe.
  4777 | D:6      | Reached skill level 11 in Bows
  4995 | D:6      | Reached XP level 9. HP: 45/45 MP: 10/10
  5409 | D:6      | Found a burning altar of Makhleb.
  5412 | D:6      | Found a glowing silver altar of Zin.
  5412 | D:6      | Noticed an angel
  5412 | D:6      | Noticed a cacodemon
  5602 | D:7      | Reached skill level 1 in Armour
  5752 | D:7      | Found a staircase to the Ecumenical Temple.
  5758 | Temple   | Entered the Ecumenical Temple
  5771 | Temple   | Became a worshipper of Hepliaklqana the Forgotten
  5879 | D:7      | Reached skill level 12 in Bows
  6447 | D:8      | Identified the +2 pair of gloves of the Pink Corner {Str+6}
  6738 | D:8      | Noticed an unseen horror
  6738 | D:8      | Noticed a deep elf pyromancer
  6738 | D:8      | Noticed a manticore
  6740 | D:8      | Noticed a boulder beetle
  6748 | D:8      | Noticed a two-headed ogre
  6755 | D:8      | Killed a two-headed ogre
  7110 | D:8      | Killed a manticore
  7111 | D:8      | Reached skill level 13 in Bows
  7111 | D:8      | Reached XP level 10. HP: 29/51 MP: 11/11
  7292 | D:8      | Slain by a boulder beetle

Illustrated notes

Levels and vault maps discovered:
D:1:      erik_arrival_triangle_large, layout_loops_ring,
          serial_co_window_serial, co_window_corner_a, co_window_paths_b,
          co_window_paths_a, co_window_of_opportunity_a, co_window_corner_a,
          co_window_corner_a, co_window_corner_b, co_window_broadway_c,
          co_window_cross_2, co_window_4corner_a, co_window_paths_d,
          glass_columns_b, glass_columns_c, glass_columns_a, glass_columns_a,
          glass_columns_c, shapermc_ecumenical_altar_notcrosses,
          grunt_decor_arrowhead
D:2:      layout_loops_ring, uniq_jessica
D:3:      layout_basic, uniq_sigmund
D:4:      layout_loops_cross, enter_ossuary_3, uniq_menkaure
D:5:      layout_loops_ring, grunt_temple_overflow_open, serial_shops,
          nicolae_stop_n_shop_2, kennysheep_little_box, shop,
          uniq_blork_the_orc, uniq_edmund, uniq_grinder
D:6:      layout_gridville, grunt_temple_overflow_order_and_chaos_2
D:7:      layout_basic, minmay_temple_entry_butterflies
D:8:      minmay_the_grid_triangle_9x9_recursive_2
          [minmay_the_grid_triangle_9x9_prize_schism,
          minmay_the_grid_triangle_9x9_negative_grid,
          minmay_the_grid_triangle_9x9_pentomino_pain,
          minmay_the_grid_triangle_9x9_from_above], layout_loops_ring,
          minmay_hedge_maze
Temple:   minmay_freezing_vapour_temple

Skill      XL: |  1  2  3  4  5  6  7  8  9 |
---------------+----------------------------+-----
Bows           | 5 6 7 8 9 11 13 | 13.2
Dodging        | 3 4 5 6 8 |  8.2
Stealth        | 2 4 5 6 7 9 |  9.3
Fighting       | 2 3 4 |  4.5
Armour         | 1 |  1.7
Evocations     | |  0.8

Action                   |  1- 3 |  4- 6 |  7- 9 | 10-12 || total
-------------------------+-------+-------+-------+-------++-------
Melee: Shortbow          |       |       |     1 |       ||     1
 Fire: Shortbow          |    83 |   219 |   398 |    25 ||   725
Evoke: Wand              |       |       |     3 |     2 ||     5
  Use: Scroll            |     8 |     4 |     7 |       ||    19
       Potion            |       |     4 |     2 |       ||     6
Armor: Robe              |     2 |       |       |       ||     2
       Quicksilver drago |       |    18 |    36 |     2 ||    56
Dodge: Dodged            |    14 |    61 |    88 |     3 ||   166

Table legend: (Time is in decaauts)
 A = Elapsed time spent in this place.
 B = Non-inter-level travel time spent in this place.
 C = Inter-level travel time spent in this place.
 D = Time resting spent in this place.
 E = Time spent auto-exploring this place.
 F = Levels seen in this place.
 G = Mean time per level.
                   A        B        C        D        E       F      G
               +--------+--------+--------+--------+--------+-----+--------+
         Total |   5127 |   4986 |    141 |      0 |   3921 |  10 |  512.7 |
       Dungeon |   4916 |   4778 |    138 |      0 |   3861 |   8 |  614.5 |
        Temple |     12 |     10 |      2 |      0 |      0 |   1 |   12.0 |
       Ossuary |    198 |    198 |      0 |      0 |     60 |   1 |  198.0 |
               +--------+--------+--------+--------+--------+-----+--------+

Top non-repeatable levels by time:
     D:1: 972 daAuts
     D:8: 795 daAuts
     D:5: 791 daAuts
     D:6: 590 daAuts
     D:3: 517 daAuts
     D:7: 455 daAuts
     D:4: 408 daAuts
     D:2: 385 daAuts
 Ossuary: 198 daAuts
  Temple: 12 daAuts
